 Dungeon Crawl Stone Soup version 0.29-a0-243-g602b31c20e (webtiles) character file.

Game seed: 17056563110491099325

17838 mathmaestro the Grappler (level 12, -1/126 HPs)
             Began as a Troll Monk on Mar 4, 2022.
             Slain by a one-headed hydra (10 damage)
             ... on level 3 of the Lair of Beasts.
             The game lasted 00:25:19 (11754 turns).

mathmaestro the Grappler (Troll Monk)              Turns: 11754, Time: 00:25:20

Health: -1/126     AC:  9    Str: 26    XL:     12   Next: 22%
Magic:  20/20      EV: 11    Int:  6    God:
Gold:   737        SH:  0    Dex: 12    Spells: 11/11 levels left

rFire   . . .      SeeInvis .   o - +2 hand axe (flame)
rCold   . . .      Faith    .   (no shield)
rNeg    . . .      Spirit   .   r - +0 robe {Will+}
rPois   .          Reflect  .   y - +2 hat
rElec   .          Harm     .   n - +2 cloak
rCorr   .          Rampage  .   (gloves unavailable)
Will    +....                   (boots unavailable)
Stlth   ++........              K - amulet of regeneration
HPRegen 1.91/turn               m - ring of magical power
MPRegen 0.17/turn               (no ring)

@: no status effects
A: large, unfitting armour, claws 3, regeneration 1, shaggy fur 1, tough skin 1,
hooves 1, MP-powered wands, noise suppression
a: no special abilities


You were on level 3 of the Lair of Beasts.
You visited 3 branches of the dungeon, and saw 15 of its levels.

You collected 737 gold pieces.

Inventory:

Hand Weapons
 b - a +4 falchion
 o - a +2 hand axe of flaming (weapon)
Missiles
 d - 2 boomerangs of dispersal
 g - 18 poisoned darts
 i - 5 javelins (quivered)
 p - 171 stones
 s - 3 throwing nets
 H - 4 large rocks
Armour
 n - a +2 cloak (worn)
 r - a +0 robe of willpower (worn)
 y - a +2 hat (worn)
Jewellery
 m - a ring of magical power (left claw)
 G - a ring of ice
 I - the ring of the Mage {Wiz Archmagi}
   (You found it on level 2 of the Lair of Beasts)

   [ring of wizardry]

   It improves your spell success rate.
   Archmagi:  It increases the power of your magical spells.
 K - an amulet of regeneration (around neck)
Wands
 t - a wand of digging (7)
 E - a wand of iceblast (3)
 F - a wand of polymorph (4)
 J - a wand of charming (1)
 L - a wand of paralysis (5)
Scrolls
 e - 3 scrolls of enchant armour
 h - 4 scrolls of teleportation
 j - 4 scrolls of fear
 k - a scroll of holy word
 l - 3 scrolls of silence
 q - 4 scrolls of identify
 A - a scroll of magic mapping
 C - 2 scrolls of fog
 D - a scroll of amnesia
Potions
 a - 3 potions of flight
 c - 2 potions of lignification
 f - a potion of might
 u - 3 potions of haste
 v - a potion of curing
 w - a potion of cancellation
 z - a potion of heal wounds
Miscellaneous
 x - a piece from Xom's chessboard (15/15)
 B - a tin of tremorstones (2/2)


   Skills:
 + Level 9.6 Fighting
 + Level 8.7 Throwing
 - Level 5.0 Dodging
 - Level 1.0 Stealth
 + Level 11.4 Unarmed Combat
 + Level 5.7 Evocations


You had 11 spell levels left.
You didn't know any spells.
Your spell library contained the following spells:

 Spells                   Type           Power      Damage    Failure   Level
 Animate Skeleton         Necr           0%         N/A       45%         1
 Apportation              Tloc           0%         N/A       45%         1
 Summon Small Mammal      Summ           0%         N/A       45%         1
 Frozen Ramparts          Ice            0%         1d2       83%         3
 Animate Armour           Summ/Erth      0%         N/A       99%         4
 Ice Form                 Ice/Tmut       0%         N/A       99%         4
 Summon Ice Beast         Ice/Summ       0%         N/A       99%         4
 Blade Hands              Tmut           0%         N/A       100%        5
 Iron Shot                Conj/Erth      0%         9d1       100%        6


Dungeon Overview and Level Annotations

Branches:
Dungeon (10/15)            Temple (1/1) D:7            Lair (4/6) D:8
 Spider (0/4) Lair:2          Orc (0/2) D:9
  Swamp: Lair:2-4    Shoals: Lair:2-4

Altars:
Ashenzari
Cheibriados
Dithmenos
Elyvilon
Fedhas
Gozag
Hepliaklqana
Kikubaaqudgha
Makhleb
Nemelex Xobeh
Okawaru
Qazlal
Ru
Sif Muna
Trog
Uskayaw
Vehumet
Wu Jian
Xom
Yredelemnul
Zin
The Shining One
Beogh

Shops:
D:2 [   D:7 *   D:8 (

Annotations:
D:6 2 transporters, Hubris850's ghost, novice GnMo
D:7 2 transporters
D:9 2 runed translucent doors, doggme's ghost, novice VSFi
Lair:1 3 runed translucent doors, Xopt's ghost, journeyman HuBe
Lair:2 exclusion: 2 oklob plants


Innate Abilities, Weirdness & Mutations

You are too large for most types of armour.
You have claws for hands.
Your natural rate of healing is unusually fast.
You are covered in fur. (AC +1)
You have tough skin. (AC +1)
You have large cloven feet.
You expend magic power (3 MP) to strengthen your wands.
You passively dampen the noise of your surroundings.


Message History

You barely miss the four-headed hydra. You kick the four-headed hydra.
The four-headed hydra is moderately wounded.
The four-headed hydra bites you! The four-headed hydra bites you.
The four-headed hydra bites you! The four-headed hydra misses you.
The four-headed hydra bites you!
* * * LOW HITPOINT WARNING * * *
The four-headed hydra bites you.
* * * LOW HITPOINT WARNING * * *
The four-headed hydra bites you.
* * * LOW HITPOINT WARNING * * *
The four-headed hydra bites you.
* * * LOW HITPOINT WARNING * * *
Unknown command.
You chop one of the four-headed hydra's heads off!
The flame cauterises the wound!
You hit the three-headed hydra. You burn the three-headed hydra.
Your kick misses the three-headed hydra.
The three-headed hydra is moderately wounded.
The three-headed hydra bites you!
* * * LOW HITPOINT WARNING * * *
The three-headed hydra bites you.
* * * LOW HITPOINT WARNING * * *
The three-headed hydra bites you but does no damage.
Unknown command.
Unknown command.
You slice one of the three-headed hydra's heads off!
The flame cauterises the wound!
You hit the two-headed hydra. You burn the two-headed hydra.
The two-headed hydra is moderately wounded.
The two-headed hydra bites you!
* * * LOW HITPOINT WARNING * * *
The two-headed hydra bites you.
* * * LOW HITPOINT WARNING * * *
Unknown command.
You lop one of the two-headed hydra's heads off!
The flame cauterises the wound!
You hit the one-headed hydra. You burn the one-headed hydra.
The one-headed hydra is moderately wounded.
The one-headed hydra bites you!
You die...

### #######.# ### ####
####...#P#.## #.####### ...##
#...........######..#.#P.# .P#.#
#............##.#......... ....##
#............P............
#..#.###........D..'...P.........
.#.#...'.>......@...###..........
.#...###...........## ##...†.....
...### #...........# #.........
#.## #.....###..## ###.....>...
### ##....# #### #.........#.
###..# #.......#..# #..##
#..........# #### ##..#####
##.......†.#
#..########P.+....#####.........P


You could see an one-headed hydra.

Vanquished Creatures
  Harold (D:8)
  Fannar (Lair:2)
  A hydra (Lair:3)
  A two-headed ogre (D:9)
  A tengu warrior (D:9)
  Urug (Lair:2)
  A black mamba (Lair:3)
  Joseph (Lair:1)
  4 gargoyles (D:9)
  9 cane toads
  4 komodo dragons
  Grinder (D:6)
  4 blink frogs (Lair:3)
  A vampire (D:9)
  A wraith (D:9)
  15 yaks
  2 wargs (D:9)
  6 water moccasins
  A black bear (D:5)
  5 orc warriors
  9 wolves
  4 ogres
  2 centaurs
  A kobold brigand (D:9)
  5 bullfrogs
  2 necrophages
  A wyvern zombie (D:6)
  3 scorpions
  2 water moccasin zombies
  A wyvern skeleton (D:6)
  9 wights
  14 killer bees
  A howler monkey (D:7)
  2 bullfrog zombies (D:6)
  3 centaur zombies
  A jelly (D:6)
  Crazy Yiuf (D:3)
  2 bullfrog skeletons (D:6)
  A human zombie (D:4)
  An orc priest (D:3)
  A gnoll shaman (D:5)
  A hound (D:6)
  A centaur skeleton (D:6)
  Jessica (D:2)
  3 iguanas
  7 orc wizards
  3 mummies (D:4)
  7 adders
  4 gnolls
  A shadow imp (D:4)
  An ufetubus (D:5)
  An adder zombie (D:4)
  A worm (D:3)
  25 orcs
  8 bats
  8 endoplasms
  4 giant cockroaches
  16 goblins
  9 hobgoblins
  6 jackals
  8 quokkas
  5 ball pythons
  3 frilled lizards
  15 kobolds
  4 rats
269 creatures vanquished.

Vanquished Creatures (others)
  An endoplasm (D:4)
  14 fungi
  15 plants
  A withered plant (D:6)
31 creatures vanquished.

Grand Total: 300 creatures vanquished

Notes
Turn   | Place    | Note
-------+----------+-------------------------------------------
     0 | D:1      | mathmaestro the Troll Monk began the quest for the Orb.
     0 | D:1      | Reached XP level 1. HP: 22/22 MP: 0/0
    76 | D:1      | Reached XP level 2. HP: 29/29 MP: 1/1
   377 | D:1      | Reached XP level 3. HP: 36/36 MP: 2/2
   709 | D:2      | Found Keekhl Harr's Antique Armour Shoppe.
   773 | D:2      | Found a faded altar of an unknown god.
   865 | D:2      | Noticed Jessica
   883 | D:2      | Killed Jessica
   884 | D:2      | Reached XP level 4. HP: 38/45 MP: 3/3
  1689 | D:3      | Found a runed translucent door.
  1690 | D:3      | Noticed Crazy Yiuf
  1719 | D:3      | Noticed a scorpion
  1731 | D:3      | Killed a scorpion
  1732 | D:3      | Reached skill level 4 in Unarmed Combat
  1732 | D:3      | Reached XP level 5. HP: 29/53 MP: 4/4
  1797 | D:3      | Killed Crazy Yiuf
  1988 | D:3      | Found a burning altar of Makhleb.
  2120 | D:3      | Found an iron altar of Okawaru.
  2122 | D:3      | Found a bloodstained altar of Trog.
  2352 | D:3      | Found a basalt altar of Yredelemnul.
  2353 | D:3      | Found a sparkling altar of Nemelex Xobeh.
  2369 | D:3      | Reached XP level 6. HP: 59/62 MP: 5/5
  2854 | D:4      | Reached skill level 5 in Unarmed Combat
  2954 | D:4      | Found an ancient bone altar of Kikubaaqudgha.
  2966 | D:4      | Reached XP level 7. HP: 54/71 MP: 6/6
  3309 | D:4      | Reached skill level 5 in Fighting
  3309 | D:4      | Reached skill level 5 in Dodging
  3309 | D:4      | Reached skill level 6 in Unarmed Combat
  3600 | D:4      | Reached XP level 8. HP: 64/80 MP: 7/7
  3739 | D:4      | Reached skill level 1 in Throwing
  4236 | D:5      | Entered Level 5 of the Dungeon
  4900 | D:6      | Reached skill level 7 in Unarmed Combat
  4949 | D:6      | Gained mutation: You expend magic power (3 MP) to
                  | strengthen your wands. [potion of mutation]
  4949 | D:6      | Gained mutation: You passively dampen the noise of your
                  | surroundings. [potion of mutation]
  4949 | D:6      | Gained mutation: You have large cloven feet. [potion of
                  | mutation]
  4988 | D:6      | Identified the +2 hunting sling of Burning Terror {venom,
                  | rC- rN+ Will++}
  5136 | D:6      | Found a snail-covered altar of Cheibriados.
  5347 | D:6      | Reached XP level 9. HP: 89/89 MP: 8/8
  5352 | D:6      | Noticed Grinder
  5380 | D:6      | Killed Grinder
  5421 | D:6      | Noticed Hubris850's ghost (novice GnMo)
  5429 | D:6      | Found a transporter.
  5488 | D:6      | Found a transporter.
  5584 | D:7      | Reached skill level 8 in Unarmed Combat
  5633 | D:7      | Found a transporter.
  5684 | D:7      | Found a transporter.
  5694 | D:7      | Found a staircase to the Ecumenical Temple.
  5827 | D:7      | Found Udynk's Profane Products.
  6124 | Temple   | Entered the Ecumenical Temple
  6239 | D:8      | Found Yxkyceyv's Antique Weapon Emporium.
  6282 | D:8      | Reached skill level 5 in Throwing
  6711 | D:8      | Found a shimmering altar of Xom.
  6818 | D:8      | Found a staircase to the Lair.
  6885 | Lair:1   | Entered Level 1 of the Lair of Beasts
  6885 | Lair:1   | Noticed a cane toad
  6891 | D:8      | Killed a cane toad
  6892 | D:8      | Reached skill level 1 in Evocations
  7052 | D:9      | Reached XP level 10. HP: 22/102 MP: 9/9
  7132 | D:9      | Noticed Harold
  7207 | D:8      | Killed Harold
  7208 | D:8      | Reached skill level 9 in Unarmed Combat
  7316 | D:9      | Found a staircase to the Orcish Mines.
  7649 | D:9      | Found a large runed translucent door.
  7649 | D:9      | Found a large runed translucent door.
  7649 | D:9      | Noticed doggme's ghost (novice VSFi)
  7680 | D:9      | Noticed a gargoyle
  7682 | D:9      | Killed a gargoyle
  7699 | D:9      | Noticed a gargoyle
  7704 | D:9      | Killed a gargoyle
  7747 | D:9      | Noticed a gargoyle
  7751 | D:9      | Killed a gargoyle
  7783 | D:9      | Noticed a gargoyle
  7787 | D:9      | Killed a gargoyle
  7999 | D:9      | Noticed a +0 short sword
  7999 | D:9      | Noticed a +0 falchion
  8003 | D:9      | Noticed a +0 dagger
  8003 | D:9      | Noticed a +0 dagger
  8004 | D:9      | Noticed a +0 falchion
  8004 | D:9      | Noticed a +0 short sword
  8006 | D:9      | Noticed a +0 spear
  8078 | D:9      | Noticed a +0 spear
  8084 | D:9      | Found a hide-covered altar of Uskayaw.
  8180 | D:9      | Reached skill level 10 in Unarmed Combat
  8245 | D:9      | Noticed a two-headed ogre
  8251 | D:9      | Killed a two-headed ogre
  8252 | D:9      | Reached XP level 11. HP: 79/113 MP: 10/10
  8292 | D:9      | Noticed a tengu warrior
  8296 | D:9      | Killed a tengu warrior
  8328 | D:9      | Noticed a boulder beetle
  8435 | D:9      | Found a glowing golden altar of the Shining One.
  8435 | D:9      | Found a white marble altar of Elyvilon.
  8435 | D:9      | Found a glowing silver altar of Zin.
  8626 | D:10     | Entered Level 10 of the Dungeon
  8933 | Lair:1   | Found a runed translucent gate.
  8933 | Lair:1   | Found a runed translucent gate.
  8933 | Lair:1   | Found a runed translucent gate.
  8937 | Lair:1   | Noticed a minotaur
  8953 | Lair:1   | Noticed Xopt's ghost (journeyman HuBe)
  9232 | Lair:1   | Noticed Joseph
  9241 | Lair:1   | Killed Joseph
  9663 | Lair:2   | Found a hole to the Spider Nest.
  9784 | Lair:2   | Noticed an oklob plant
  9784 | Lair:2   | Noticed an oklob plant
  9785 | Lair:2   | Identified the +1 ring mail of Pooxoesi {Drain rPois rF+++
                  | Str-4}
  9809 | Lair:2   | Noticed Fannar
  9823 | Lair:2   | Killed Fannar
  9850 | Lair:2   | Noticed Urug
  9867 | Lair:2   | Killed Urug
  9868 | Lair:2   | Reached skill level 11 in Unarmed Combat
  9868 | Lair:2   | Reached skill level 5 in Evocations
  9957 | Lair:2   | Found the ring of the Mage {Wiz Archmagi}
 10589 | Lair:3   | Noticed a six-headed hydra
 10598 | Lair:3   | Killed a four-headed hydra
 10669 | Lair:3   | Reached XP level 12. HP: 76/124 MP: 11/11
 11744 | Lair:4   | Noticed a six-headed hydra
 11753 | Lair:3   | HP: 6/126 [two-headed hydra (4)]
 11754 | Lair:3   | Slain by a one-headed hydra

Illustrated notes

Levels and vault maps discovered:
D:1:      dpeg_arrival_rooms_a, layout_rooms, kennysheep_pointless_box,
          minmay_misc_feat_pillars
D:2:      minmay_kobold_bridge, layout_loops_corners,
          dreamdust_ecumenical_altar_grove, serial_glass, glass_columns_a,
          glass_columns_a, serial_shops, shop, kennysheep_jessica_study
D:3:      layout_loops_corners, bloody_makhleb, nicolae_overflow_hidden_temple,
          lemuel_flame_loot_1, uniq_crazy_yiuf_cottage
D:4:      layout_loops_corners, lemuel_mausoleum_altar_kikubaaqudgha,
          minmay_misc_feat_diagonals, lemuel_old_faithful
D:5:      layout_basic
D:6:      layout_cave_pools, kennysheep_little_box, serial_undead,
          serial_undead_c, serial_undead_b, serial_undead_a, serial_undead_a,
          gammafunk_ghost_arena, uniq_grinder
D:7:      gammafunk_beogh_shrine, layout_cave_pools,
          minmay_temple_entry_large_hall, nicolae_evil_shop
D:8:      layout_basic, xom_butterflies, lair_entry_dummy, serial_shops,
          nicolae_diamond_shop, minmay_misc_feat_x
D:9:      cheibrodos_statue_roulette, layout_basic, good_gods_mini_temple,
          nicolae_uskayaw_en_pointe, david_orc_1_choice,
          ebering_ghost_disaster_area, minmay_diamond_spiral, uniq_harold
D:10:     layout_small_grid
Temple:   cyrus_temple_forest
Lair:1:   layout_cave_shapes, maelrawn_ghost_gauntlet_escape, uniq_joseph
Lair:2:   dpeg_oklob_gauntlet, layout_cave_pods, spider_nest_entry_web_field,
          uniq_fannar, uniq_urug
Lair:3:   layout_roguey
Lair:4:   layout_hall_layers, elwin_shoals_entry_rocks, basic_altar

Skill      XL: |  1  2  3  4  5  6  7  8  9 10 11 |
---------------+----------------------------------+-----
Fighting       | 3 4 5 6 7 8 9 |  9.6
Dodging        | 3 4 5 |  5.0
Unarmed Combat | 4 5 6 7 8 10 11 | 11.4
Throwing       | 3 5 7 8 |  8.7
Evocations     | 1 3 5 |  5.7
Stealth        | |  1.0

Action                   |  1- 3 |  4- 6 |  7- 9 | 10-12 || total
-------------------------+-------+-------+-------+-------++-------
Melee: Unarmed           |    89 |   157 |   341 |   316 ||   903
       Punch             |       |     2 |    16 |    17 ||    35
       Kick              |       |       |    46 |   105 ||   151
       Hand axe          |       |       |       |    10 ||    10
Throw: Boomerang         |       |       |     1 |       ||     1
       Large rock        |       |       |       |    13 ||    13
       Dart              |       |       |       |     2 ||     2
       Javelin           |       |       |       |     9 ||     9
  Use: Scroll            |       |     5 |    12 |     6 ||    23
       Potion            |       |     4 |     3 |       ||     7
 Stab: Sleeping          |     1 |     1 |     4 |       ||     6
Armor: Robe              |    27 |    55 |   122 |    92 ||   296
       Skin              |       |     4 |       |       ||     4
Dodge: Dodged            |    45 |    90 |   130 |   178 ||   443

Table legend: (Time is in decaauts)
 A = Elapsed time spent in this place.
 B = Non-inter-level travel time spent in this place.
 C = Inter-level travel time spent in this place.
 D = Time resting spent in this place.
 E = Time spent auto-exploring this place.
 F = Levels seen in this place.
 G = Mean time per level.
                   A        B        C        D        E       F      G
               +--------+--------+--------+--------+--------+-----+--------+
         Total |  11677 |  11050 |    627 |   1415 |   7383 |  15 |  778.5 |
       Dungeon |   8578 |   8102 |    476 |    985 |   5388 |  10 |  857.8 |
        Temple |     91 |     50 |     41 |      0 |     45 |   1 |   91.0 |
          Lair |   3007 |   2898 |    109 |    430 |   1950 |   4 |  751.8 |
               +--------+--------+--------+--------+--------+-----+--------+

Top non-repeatable levels by time:
     D:9: 1589 daAuts
     D:4: 1423 daAuts
     D:3: 1315 daAuts
  Lair:3: 1162 daAuts
  Lair:2: 1062 daAuts
     D:2: 940 daAuts
     D:8: 868 daAuts
     D:5: 741 daAuts
  Lair:1: 726 daAuts
     D:7: 574 daAuts
     D:1: 556 daAuts
     D:6: 548 daAuts
  Temple: 91 daAuts
  Lair:4: 55 daAuts
    D:10: 19 daAuts
